[Event "*** SCC Grand Prix: Titled Tuesday Blitz"]
[Site "Chess.com"]
[Date "2020.09.29"]
[Round "2"]
[White "julinha97"]
[Black "M1711"]
[Result "0-1"]
[WhiteElo "2294"]
[BlackElo "2461"]
[TimeControl "180+1"]
[EndTime "10:17:42 PDT"]
[Termination "M1711 won on time"]

1. e4 c5 2. Nf3 b6 3. d4 cxd4 4. Nxd4 Bb7 5. Nc3 Nf6 6. Qf3 Nc6 7. Nxc6 Bxc6 8. Bg5 d6 9. O-O-O Qc7 10. Bc4 h6 11.
Bxf6 gxf6 12. Bb3 h5 13. Kb1 Rh6 14. Rhe1 e6 15. Nd5 Qd8 16. Nf4 Be7 17. Nxh5 Qc7 18.
Ng7+ Kf8 19. Nh5 Rc8 20. Nf4 Bd7 21. Qe2 a5 22. a4 Qc5 23. Qd2 Rh8 24. h4 b5 25.
Qxa5 bxa4 26. Qxc5 Rxc5 27. Ba2 Rxh4 28. g3 Rh2 29.
Rd2 Re5 30. Nd3 Reh5 31. Bc4 Bc6 32. Ka2 Rh1 33. Rde2 Bd8 34. Nf4 Rxe1 35. Rxe1 Rh2 36.
Re2 Bb6 37. Nd3 Ke7 38. b3 axb3+ 39. Kxb3 Bd4 40. c3 Bb6 41. Kb4 Rh1 42. Kb3 Kf8 43.
Ra2 Bxe4 44. Ra6 Bxd3 45. Rxb6 Rb1+ 0-1

[Event "*** SCC Grand Prix: Titled Tuesday Blitz"]
[Site "Chess.com"]
[Date "2020.09.29"]
[Round "2"]
[White "pedromartinez91"]
[Black "Ruchess27"]
[Result "1-0"]
[WhiteElo "2453"]
[BlackElo "2280"]
[TimeControl "180+1"]
[EndTime "10:17:42 PDT"]
[Termination "pedromartinez91 won by checkmate"]

1. e4 e5 2. Nf3 Nc6 3. Bb5 a6 4. Ba4 Nf6 5. O-O Be7 6. Nc3 b5 7. Bb3 O-O 8. a3 d6 9. d3 h6 10. h3 Nh7 11. Bd5 Bd7 12. d4 Rb8 13. Bxc6 Bxc6 14. dxe5 dxe5 15. Nxe5 Bb7 16. Nd7 Bd6 17. Nxb8 Qxb8 18. Be3 f5 19. exf5 Rxf5 20. Qg4 Qf8 21. Rad1 h5 22. Qg6 Qc8 23. Bd4 Bf8 24. Rfe1 Rg5 25.
Qe6+ Qxe6 26. Rxe6 Rxg2+ 27. Kf1 Ng5 28. Re8 Rh2 29.
Bc5 Rh1+ 30. Ke2 Bf3+ 31. Kd2 Bxd1 32. Rxf8+ Kh7 33. Nxd1 Ne4+ 34. Ke2 Nxc5 35. Rf5 Ne6 36. Rxh5+ Kg6 37. Rh4 Rxh3 38. Rxh3 Nf4+ 39. Kf3 Nxh3 40. Ne3 c6 41. Kg3 Ng5 42. Kf4 Nh3+ 43. Kg3 Ng5 44.
f3 Kf6 45. Kf4 Ne6+ 46. Ke4 Ng5+ 47. Kf4 Ne6+ 48. Kg4 g5 49. c3 Nf4 50. Nc2 Nd3 51. b4 Nf2+ 52. Kg3 Nd1 53. Nd4 Nxc3 54. Nxc6 Nb1 55. Nb8 Nxa3 56. Nxa6 Nc2 57. Kg4 Nxb4 58. Nxb4 Kg6 59. Nd5 Kg7 60. Kxg5 Kf7 61. Kf5 Kg7 62.
Ke6 Kg6 63. f4 b4 64. f5+ Kg5 65. Nxb4 Kg4 66. f6 Kf3 67. f7 Ke3 68. f8=Q Ke4 69. Qf5+ Ke3 70. Nc6 Kd2 71. Nd8 Ke3 72. Qg4 Kd2 73.
Qf3 Ke1 74. Qg2 Kd1 75. Kd5 Kc1 76. Kd4 Kd1 77. Kc3 Ke1 78. Kd3 Kd1 79. Qd2# 1-0

[Event "*** SCC Grand Prix: Titled Tuesday Blitz"]
[Site "Chess.com"]
[Date "2020.09.29"]
[Round "2"]
[White "TST2014"]
[Black "Onischuk_V"]
[Result "0-1"]
[WhiteElo "2558"]
[BlackElo "2890"]
[TimeControl "180+1"]
[EndTime "10:17:43 PDT"]
[Termination "Onischuk_V won by checkmate"]

1. d4 d6 2. Nf3 g6 3. c4 Bg7 4. Nc3 Nf6 5. e4 O-O 6. Be2 Nbd7 7. O-O e5 8. Be3 c6 9. Qc2 Qe7 10. Rab1 Ng4 11. Bg5 f6 12. Bh4 Nh6 13. b4 g5 14. Bg3 exd4 15. Nxd4 Ne5 16. b5 Qc7 17. f4 gxf4 18. Bxf4 Nhf7 19. Kh1 Bd7 20. a4 Rae8 21. Qd2 Ng5 22. bxc6 bxc6 23. Bxe5 dxe5 24. Nf5 Bxf5 25. Rxf5 Ne6 26. c5 Kh8 27. Bc4 Nd4 28. Rh5 f5 29.
Qg5 f4 30. Ne2 Bf6 31. Qg4 Rb8 32. Rf1 Nc2 33. g3 Ne3 34. Qe6 Nxf1 35. Rf5 Qe7 36.
Qxc6 Rb1 37. Kg2 Ne3+ 38. Kh3 Nxc4 39. gxf4 Rb3+ 40. Kg4 Qg7+ 41. Rg5 Bxg5 42. fxg5 Ne3+ 43. Kh5 Qg6+ 44. Qxg6 hxg6+ 45. Kh6 Rb7 46. h4 Rg8 47. Nf4 Rh7# 0-1

[Event "*** SCC Grand Prix: Titled Tuesday Blitz"]
[Site "Chess.com"]
[Date "2020.09.29"]
[Round "2"]
[White "Margency"]
[Black "NotFischer"]
[Result "1-0"]
[WhiteElo "2644"]
[BlackElo "2278"]
[TimeControl "180+1"]
[EndTime "10:17:43 PDT"]
[Termination "Margency won by resignation"]

1. e4 d5 2. exd5 Nf6 3. Bb5+ Nbd7 4. d4 a6 5. Be2 b5 6. a4 b4 7. c4 bxc3 8. Nxc3 Nb6 9. Bf3 Bb7 10. a5 Nbxd5 11.
Qb3 Rb8 12. Bg5 e6 13. Bxf6 gxf6 14. Qa4+ Qd7 15. Qxd7+ Kxd7 16. Ne4 Bb4+ 17. Kf1 Ke7 18. Ne2 Bc6 19. g3 h5 20. h4 Rb5 21. Kg2 Rg8 22. Rhc1 Bb7 23. N4c3 Rxa5 24. Rxa5 Bxa5 25.
Nxd5+ Bxd5 26. Bxd5 exd5 27. Nf4 Kd6 28. Rc5 Bb6 29.
Rxd5+ Kc6 30. Rxh5 Bxd4 31. b3 Rb8 32. Ra5 Rxb3 33.
Rxa6+ Bb6 34. h5 Rb2 35. h6 Rxf2+ 36. Kh3 Rf1 37. Kg2 Rg1+ 38. Kh2 Rd1 39. Ra8 f5 40. h7 Bg1+ 41. Kg2 Bd4 42. Rd8 Rd2+ 43. Kh3 Kc5 44. Rxd4 Rxd4 45. h8=Q Kc4 46. Qe5 c5 47.
Qxf5 Kc3 48. Qxc5+ 1-0

[Event "*** SCC Grand Prix: Titled Tuesday Blitz"]
[Site "Chess.com"]
[Date "2020.09.29"]
[Round "2"]
[White "Lion-Al-Messi"]
[Black "vladislavkovalev"]
[Result "0-1"]
[WhiteElo "2524"]
[BlackElo "2827"]
[TimeControl "180+1"]
[EndTime "10:17:44 PDT"]
[Termination "vladislavkovalev won by checkmate"]

1. e4 e5 2. Nf3 Nc6 3. Bb5 a6 4. Ba4 Be7 5. O-O Nf6 6. Qe2 b5 7.
Bb3 d6 8. c3 O-O 9. Rd1 Na5 10.
Bc2 c5 11. d4 Qc7 12. d5 Bd7 13. b3 Nb7 14. h3 Nd8 15. Be3 Ne8 16. b4 c4 17. a4 Rb8 18. Nbd2 g6 19. Bh6 Ng7 20. Ra2 f6 21. Be3 Nf7 22. axb5 axb5 23. Ra7 Rb7 24. Rda1 Rfb8 25. g4 f5 26. gxf5 gxf5 27.
Rxb7 Qxb7 28. Ra7 Qc8 29. exf5 Nxf5 30. Bxf5 Bxf5 31. Rxe7 Bd3 32. Qd1 Qxh3 33. Nh2 Kh8 34. Qf3 Rg8+ 35. Kh1 Qxf3+ 36. Nhxf3 Rf8 37. Nh4 Kg8 38.
Rb7 Ra8 39. Rxb5 Ra3 40. Rb8+ Kg7 41. Rc8 Rxc3 42. b5 Rc2 43. Ndf3 Rb2 44. b6 Be4 45. Rxc4 Bxd5 46. Rc7 Kf6 47. Kh2 h5 48. Ne1 Ng5 49.
Nd3 Rb1 50. Ng2 Nf3+ 51. Kg3 Rh1 52. b7 h4+ 53. Nxh4 Nxh4 54. b8=Q Nf5+ 55. Kg4 Rh4# 0-1

[Event "*** SCC Grand Prix: Titled Tuesday Blitz"]
[Site "Chess.com"]
[Date "2020.09.29"]
[Round "2"]
[White "ViktoriyaTarasova"]
[Black "anon481216"]
[Result "0-1"]
[WhiteElo "2272"]
[BlackElo "2446"]
[TimeControl "180+1"]
[EndTime "10:17:44 PDT"]
[Termination "anon481216 won on time"]

1. d4 d5 2. c4 c6 3. Nf3 Nf6 4. Nc3 dxc4 5. a4 Bg4 6. Ne5 Bh5 7. f3 Nfd7 8. g4 Nxe5 9. gxh5 Ned7 10. e4 e5 11.
Bxc4 Bb4 12. Bxf7+ Kf8 13. Ba2 Qh4+ 14. Ke2 exd4 15.
Qb3 Qe7 16. Bg5 Nf6 17. Rad1 c5 18. Nd5 Qf7 19. Nxf6 Qxb3 20. Bxb3 gxf6 21. Bxf6 Rg8 22. Bxg8 Kxg8 23. Rhg1+ Kf7 24. e5 Nc6 25. Rg7+ Ke6 26. f4 h6 27. Kf3 Kf5 28. Rxb7 c4 29. Rc7 Na5 30. Rxd4 Rg8 31. Rd5 Rg1 32. Rb5 Be1 33.
Rg7 Rf1+ 34. Ke2 Rh1 35. Bd8 Nb3 36. Rf7+ Ke4 37. Rd7 Nc1+ 38. Kd1 Bf2+ 39. Kc2 Nd3 40. Rxd3 cxd3+ 41. Kc3 Rc1+ 42. Kb3 d2 43. e6 d1=Q+ 44.
Ka3 Ra1+ 45. Kb4 Rxa4+ 0-1

[Event "*** SCC Grand Prix: Titled Tuesday Blitz"]
[Site "Chess.com"]
[Date "2020.09.29"]
[Round "2"]
[White "IngOscarArdila"]
[Black "lucachess49"]
[Result "0-1"]
[WhiteElo "2155"]
[BlackElo "2406"]
[TimeControl "180+1"]
[EndTime "10:17:44 PDT"]
[Termination "lucachess49 won by checkmate"]

1. d4 Nf6 2. c4 e6 3. Nc3 Bb4 4. Bd2 O-O 5. Nf3 c5 6. e3 cxd4 7. Nxd4 Nc6 8. Nf3 b6 9. Be2 Bb7 10. O-O Rc8 11. a3 Bd6 12. b4 Bb8 13. Qb3 a6 14. Rac1 Qc7 15. g3 Ba8 16. Rfe1 Qb7 17. e4 Ne5 18. Nxe5 Bxe5 19. f3 h5 20. Bd3 h4 21. Kg2 Bb8 22. Ne2 Nh5 23. Bf4 Nxf4+ 24.
gxf4 Qc7 25. Qb2 Qd8 26. Kh1 e5 27. Rg1 Qf6 28. Rg4 h3 29. Rcg1 g6 30. f5 Kg7 31.
R1g3 Bc6 32. fxg6 fxg6 33. Rxg6+ Qxg6 34. Rxg6+ Kxg6 35. Ng1 Bd6 36. Qf2 Rf6 37. Qg3+ Kf7 38. Qxh3 Rg8 39. Qh7+ Rg7 40. Qh5+ Rfg6 41. c5 Ke7 42.
cxd6+ Kxd6 43. Ne2 Ba4 44. f4 Bd1 45. Qxe5+ Kc6 46.
Qd5+ Kc7 47. Qe5+ Kc6 48. Qd5+ Kc7 49. Qc4+ Kd8 50. h4 Bxe2 51. Bxe2 Rg1+ 52. Kh2 R1g2+ 53. Kh3 R7g3# 0-1

[Event "*** SCC Grand Prix: Titled Tuesday Blitz"]
[Site "Chess.com"]
[Date "2020.09.29"]
[Round "2"]
[White "vugarrasulov"]
[Black "karinachess1"]
[Result "1-0"]
[WhiteElo "2788"]
[BlackElo "2504"]
[TimeControl "180+1"]
[EndTime "10:17:45 PDT"]
[Termination "vugarrasulov won on time"]

1. b3 e5 2. Bb2 Nc6 3. g3 g6 4. Bg2 Nge7 5. h4 h5 6. Nf3 Bg7 7. O-O d5 8. c4 d4 9. d3 O-O 10. Na3 Nb4 11. Nc2 Nxc2 12. Qxc2 Nc6 13. Ba3 Re8 14. b4 Bf5 15. b5 Ne7 16. Ng5 Qc8 17.
Rab1 f6 18. Ne4 Bh3 19. c5 Bxg2 20. Kxg2 Nd5 21. Qb3 Qe6 22. Bc1 Rad8 23. a4 Bf8 24. a5 b6 25. Bd2 Kg7 26. Rfc1 Rd7 27. cxb6 cxb6 28. Rc6 Qf7 29. Kg1 Be7 30. Qc4 Red8 31. Rc1 Re8 32. Ra1 Red8 33. axb6 axb6 34. Ra6 Rb8 35. Rc8 Rxc8 36. Qxc8 Bf8 37. Ra8 Rc7 38. Bh6+ Kxh6 39. Qxf8+ Qxf8 40. Rxf8 Kg7 41. Rd8 Nc3 42.
Rd6 Nxe2+ 43. Kg2 Nc3 44. Rxb6 Nxe4 45. dxe4 Rd7 46. Kf1 g5 47. Rc6 Kg6 48. b6 Rb7 49. Ke2 gxh4 50. gxh4 Rb8 51. Kd3 Rb7 52. Kc4 Rb8 53.
Kb5 1-0

[Event "*** SCC Grand Prix: Titled Tuesday Blitz"]
[Site "Chess.com"]
[Date "2020.09.29"]
[Round "2"]
[White "vaishali2001"]
[Black "Sankalp_Gupta2003"]
[Result "0-1"]
[WhiteElo "2499"]
[BlackElo "2778"]
[TimeControl "180+1"]
[EndTime "10:17:45 PDT"]
[Termination "Sankalp_Gupta2003 won on time"]

1. e4 e6 2. d4 d5 3. Nd2 c5 4. exd5 exd5 5. Ngf3 Nc6 6. Bb5 Bd6 7. dxc5 Bxc5 8. O-O Ne7 9. Nb3 Bd6 10. Re1 O-O 11.
Bd3 h6 12. h3 Bc7 13. c3 Bf5 14. Bxf5 Nxf5 15. Qd3 Nfe7 16. Be3 Re8 17. Rad1 a6 18.
c4 dxc4 19. Qxc4 Qc8 20. Bd2 Ng6 21. Bc3 Rxe1+ 22. Rxe1 Bb6 23. Qg4 Qxg4 24. hxg4 Nf4 25. Re4 Nd3 26. Re2 Rd8 27. Ne1 Ndb4 28. a3 Nd5 29.
Bd2 Nf6 30. g3 Nxg4 31. Kg2 Nd4 32. Nxd4 Bxd4 33. Bb4 b6 34. Nf3 a5 35. Be7 Rd7 36. Rd2 Rxe7 37. Rxd4 Nf6 38. Rd6 Re6 39. Rxe6 fxe6 40.
Ne5 Kf8 41. Kf3 Ke7 42. Ke3 Kd6 43. Nc4+ Kc5 44. Kd3 a4 45. Ne5 b5 0-1

[Event "*** SCC Grand Prix: Titled Tuesday Blitz"]
[Site "Chess.com"]
[Date "2020.09.29"]
[Round "2"]
[White "Chamal_Gedgafov"]
[Black "Sjakkerntobi"]
[Result "0-1"]
[WhiteElo "2136"]
[BlackElo "2403"]
[TimeControl "180+1"]
[EndTime "10:17:45 PDT"]
[Termination "Sjakkerntobi won by resignation"]

1. d4 e6 2. c4 Nf6 3. Nc3 d5 4.
cxd5 exd5 5. Bg5 c6 6. e3 Bf5 7. Qf3 Bg6 8. Bxf6 Qxf6 9. Qxf6 gxf6 10. Nge2 Nd7 11. Nf4 Be7 12. h4 h5 13. g3 a5 14.
Bh3 a4 15. a3 Nb6 16. Bf1 Bd6 17. Ng2 Kd7 18. O-O-O Nc4 19. Bd3 b5 20. Ne2 b4 21.
axb4 a3 22. b3 a2 23. Kc2 Na3+ 24. Kb2 Bxd3 25. Rxd3 Nc2 26. Kxc2 a1=Q 27. Rxa1 Rxa1 28. Rd1 Rxd1 29. Kxd1 Bxb4 30. Ngf4 Ra8 31. Kc2 Ra2+ 32. Kb1 Rd2 33. Kc1 Ke7 34. Kb1 Rd1+ 35. Kc2 Rf1 36. Nxh5 Rxf2 37. Nf4 Bd6 38. Kd3 f5 39. h5 Bxf4 40.
Nxf4 Rf3 41. Ke2 Rxg3 42. Kf2 Rg8 43. Ke2 Kf6 44. Nd3 Rh8 45. Ne5 Rxh5 46. Nxc6 Ke6 47. Kd3 Rh3 48. Kd2 f4 49. exf4 Rxb3 50. Nd8+ Kf6 51.
Nc6 Rf3 52. Ne5 Rxf4 53. Ke3 Re4+ 54. Kd3 Rxe5 55. dxe5+ Kxe5 56. Ke3 f5 57. Kf3 f4 58. Ke2 Kf5 0-1

[Event "*** SCC Grand Prix: Titled Tuesday Blitz"]
[Site "Chess.com"]
[Date "2020.09.29"]
[Round "2"]
[White "bazar-wokzal"]
[Black "Revnov"]
[Result "0-1"]
[WhiteElo "2457"]
[BlackElo "2704"]
[TimeControl "180+1"]
[EndTime "10:17:46 PDT"]
[Termination "Revnov won on time"]

1. e4 e5 2. Bc4 d6 3. f4 exf4 4. d4 Nf6 5. Nc3 Bg4 6. Nf3 Nh5 7. O-O Nc6 8. Nd5 g5 9. c3 Bg7 10. g3 Rg8 11. gxf4 Nxf4 12. Nxf4 gxf4 13. Kh1 Qf6 14. Qb3 O-O-O 15. Bd5 Qh6 16. Bxc6 bxc6 17. Ng1 f5 18. Bxf4 Qg6 19. e5 Bxe5 20. Qc2 Bxf4 21. Rxf4 Rde8 22. Rf2 Qh6 23. Raf1 f4 24. Rxf4 Be6 25. c4 Qg7 26. Qf2 Bxc4 27. Nf3 Bd5 28. Rg1 Qe7 29. Rxg8 Rxg8 30.
h3 Qg7 31. Kh2 Kb7 32. b3 a6 33. Rg4 Qf7 34. Rxg8 Qxg8 35. Qg3 Qf7 36. Ng5 Qf5 37.
Qg4 Qc2+ 38. Kg3 h6 39. Nf3 Qd3 40. Qf4 Bxf3 41. Qxf3 Qxd4 42. h4 Qe5+ 43. Kg4 a5 44.
Qf8 d5 45. Qxh6 d4 46. Qd2 Qe4+ 47. Kg3 d3 0-1

[Event "*** SCC Grand Prix: Titled Tuesday Blitz"]
[Site "Chess.com"]
[Date "2020.09.29"]
[Round "2"]
[White "aloe_normansen"]
[Black "xamax2000"]
[Result "0-1"]
[WhiteElo "2347"]
[BlackElo "2700"]
[TimeControl "180+1"]
[EndTime "10:17:46 PDT"]
[Termination "xamax2000 won on time"]

1. e4 c5 2. Nf3 d6 3. d4 cxd4 4. Nxd4 Nf6 5. Nc3 g6 6. Be3 a6 7. f3 b5 8. Nd5 Nxd5 9. exd5 Bb7 10. Nb3 Nd7 11. Bd4 Nf6 12. Qd2 Bg7 13. h4 h5 14. O-O-O Rc8 15. Kb1 Kf8 16. Bxf6 Bxf6 17. Na5 Bxd5 18. Qxd5 Qxa5 19. g4 Rc5 20. Qb3 hxg4 21.
fxg4 Rxh4 22. Rxh4 Bxh4 23. Bd3 Bf6 24. Rf1 Qc7 25.
Qb4 Kg7 26. Qf4 Re5 27. a3 Qc5 28. Rh1 Rg5 29. Qh2 Kf8 30. Qh6+ Ke8 31. Re1 Qd4 32. c3 Qxd3+ 33. Ka2 Qc4+ 34. Kb1 Qxg4 35. Qh2 Re5 36. Rf1 Qe2 37. Qh3 Qe4+ 38. Ka2 Rf5 39. Rd1 Kf8 40.
Qg3 Rd5 41. Rg1 Qc2 42. Qh3 Rd2 43. Qh6+ Ke8 44. Rb1 Bxc3 0-1

[Event "*** SCC Grand Prix: Titled Tuesday Blitz"]
[Site "Chess.com"]
[Date "2020.09.29"]
[Round "2"]
[White "hungrycaterpillar4"]
[Black "mr_gustavo"]
[Result "0-1"]
[WhiteElo "2633"]
[BlackElo "2339"]
[TimeControl "180+1"]
[EndTime "10:17:48 PDT"]
[Termination "mr_gustavo won by checkmate"]

1. e4 e5 2. Nf3 Nc6 3. Bb5 a6 4. Ba4 Nf6 5. O-O Be7 6. Re1 b5 7. Bb3 O-O 8. h3 Bb7 9. c3 d5 10.
exd5 Nxd5 11. Nxe5 Nxe5 12. Rxe5 Nf4 13. d4 Nxg2 14.
d5 Nh4 15. Be3 Bf6 16. Re4 Nf5 17. Bf4 Qd7 18. Na3 Rae8 19. Rxe8 Rxe8 20. Qd3 g6 21. Nc2 c5 22. c4 bxc4 23. Bxc4 Nd4 24. Nxd4 Bxd4 25.
Qf3 Qf5 26. Kg2 Qc2 27. Bb3 Qxb2 28. Rd1 a5 29. Rd2 Qb1 30. Re2 Rxe2 31. Qxe2 a4 32.
Qe8+ Kg7 33. Qxa4 Qe4+ 34. Kg3 g5 35. Be3 Be5+ 36. f4 gxf4+ 37. Kh4 Qxa4 38. Bxa4 fxe3 39.
Bb5 Bxd5 40. Be2 c4 41. a4 c3 42. a5 c2 43. a6 c1=Q 44. a7 Qe1+ 45. Kg5 Qxe2 46.
a8=Q Bxa8 47. Kh4 Bf6+ 48. Kg3 Qf2+ 49. Kg4 Qf3# 0-1

[Event "*** SCC Grand Prix: Titled Tuesday Blitz"]
[Site "Chess.com"]
[Date "2020.09.29"]
[Round "2"]
[White "Berardino"]
[Black "renehp"]
[Result "1-0"]
[WhiteElo "2712"]
[BlackElo "2467"]
[TimeControl "180+1"]
[EndTime "10:17:49 PDT"]
[Termination "Berardino won by resignation"]

1. e4 d5 2. exd5 Nf6 3. d4 Qxd5 4. Nc3 Qd6 5. Nf3 c6 6. g3 Bg4 7. Bg2 g6 8. h3 Bxf3 9. Bxf3 Bg7 10. O-O O-O 11. Bf4 Qd8 12. Re1 e6 13. Qd2 Nbd7 14. Rad1 Nb6 15. b3 Nbd5 16. Bg5 Nxc3 17. Qxc3 h6 18. Bc1 Nd5 19. Qd2 Qf6 20. Bg2 Rad8 21. c4 Ne7 22. Bb2 c5 23. Bxb7 Nf5 24. Qa5 cxd4 25.
Ba3 Nd6 26. Bg2 e5 27. c5 Nf5 28. c6 Rfe8 29. c7 Rc8 30. Qxa7 Qe6 31. Qa5 Qd7 32. Rc1 d3 33. Bc6 Qd4 34. Bc5 Qb2 35.
Bxe8 d2 36. Ba3 dxe1=Q+ 37. Rxe1 Qxa2 38. Bd7 Rxc7 39. Qxc7 Qxa3 40. Bxf5 gxf5 41. Qc8+ Bf8 42. Qxf5 Bg7 43. Qd3 Qb4 44. Re4 Qb7 45. Rc4 h5 46. h4 Bf6 47. b4 Kg7 48. b5 Qxb5 49. Rg4+ hxg4 50. Qxb5 1-0

[Event "*** SCC Grand Prix: Titled Tuesday Blitz"]
[Site "Chess.com"]
[Date "2020.09.29"]
[Round "2"]
[White "r31415"]
[Black "ViditYT"]
[Result "0-1"]
[WhiteElo "2460"]
[BlackElo "2707"]
[TimeControl "180+1"]
[EndTime "10:17:49 PDT"]
[Termination "ViditYT won by resignation"]

1. e4 c5 2. Nf3 d6 3. d4 cxd4 4. Nxd4 Nf6 5. Nc3 Nc6 6. g3 g6 7. Bg2 Nxd4 8. Qxd4 Bg7 9. Be3 O-O 10. Qd2 Be6 11.
O-O Ng4 12. Bd4 Ne5 13. b3 Qa5 14. Rad1 Rfc8 15. Nd5 Qxd2 16. Rxd2 Bxd5 17. exd5 Nd7 18. Bh3 Rc7 19. Bxg7 Kxg7 20. Bxd7 Rxd7 21. c4 a6 22. a4 b5 23. Rc1 bxa4 24. bxa4 Rc7 25. Rb2 Rac8 26. Rb4 Rc5 27. f4 Kf6 28. Kf2 Rxd5 29.
cxd5 Rxc1 30. Rb6 a5 31. Rb5 Rc2+ 32. Ke3 Rxh2 33. Rxa5 h5 34. Ra7 Ra2 35. a5 Ra3+ 36. Kf2 Rd3 37. Rb7 Rxd5 38. a6 Ra5 39. a7 e6 40. Kf3 d5 41. Rd7 Ra3+ 42. Kg2 g5 43.
fxg5+ Kg6 44. Kf2 d4 45. Ke2 e5 46. Kf2 Kxg5 47. Rxf7 Kg6 48. Rd7 Kf5 49. Kg2 Ke4 50. Kh3 d3 51. Kh4 Ke3 52. Kxh5 d2 53. g4 Rxa7 0-1

[Event "*** SCC Grand Prix: Titled Tuesday Blitz"]
[Site "Chess.com"]
[Date "2020.09.29"]
[Round "2"]
[White "CrazyMartian"]
[Black "Xtrmntr78"]
[Result "0-1"]
[WhiteElo "2324"]
[BlackElo "2571"]
[TimeControl "180+1"]
[EndTime "10:17:49 PDT"]
[Termination "Xtrmntr78 won by checkmate"]

1. d4 f5 2. Nc3 Nf6 3. Bg5 d5 4. Bxf6 exf6 5. e3 c6 6. Bd3 Bd6 7. Qf3 g6 8. Nge2 Be6 9. h4 h5 10.
a3 Nd7 11. g3 Qe7 12. Nf4 Bf7 13. Be2 O-O-O 14. Nd3 Kb8 15. b4 Nb6 16. Nc5 Nc4 17.
Bxc4 dxc4 18. a4 Bxc5 19. bxc5 Rxd4 20. O-O Bd5 21. Nxd5 Rxd5 22. Qf4+ Ka8 23. Qxc4 Rxc5 24.
Qb3 g5 25. Qb4 f4 26. exf4 gxh4 27. Rfe1 Qf8 28. Rab1 b6 29. a5 b5 30. Re8+ Qxe8 31. Qxc5 hxg3 32. fxg3 Rg8 33. Kf2 h4 34. gxh4 Qe4 35.
Rg1 Qxf4+ 36. Ke2 Re8+ 37. Kd1 Rd8+ 38. Ke1 Qxh4+ 39. Ke2 Qe4+ 40. Qe3 Qxc2+ 41. Kf3 Rd3 42. Rg8+ Kb7 43. Rg7+ Kc8 44. Rg8+ Kd7 45. Rg7+ Kd6 46. Rxa7 Qd1+ 47. Kf4 Rxe3 48. Kxe3 Qg1+ 49. Ke4 Qxa7 50.
a6 Qxa6 51. Kf5 b4 52. Kg6 c5 53. Kf5 c4 54. Kg6 c3 55. Kf5 c2 56. Kg6 f5 57.
Kxf5 c1=Q 58. Kg6 Ke5+ 59. Kh5 Qe2+ 60. Kh4 Qf4+ 61. Kh3 Qef3# 0-1

[Event "*** SCC Grand Prix: Titled Tuesday Blitz"]
[Site "Chess.com"]
[Date "2020.09.29"]
[Round "2"]
[White "shineatchess"]
[Black "Artem_Sadovsky"]
[Result "0-1"]
[WhiteElo "2212"]
[BlackElo "2503"]
[TimeControl "180+1"]
[EndTime "10:17:52 PDT"]
[Termination "Artem_Sadovsky won on time"]

1. e4 c6 2. d4 d5 3. e5 c5 4.
dxc5 Nc6 5. Nf3 Bg4 6. Be2 e6 7.
Nbd2 Bxc5 8. h3 Bf5 9. a3 a5 10.
O-O Qc7 11. Nb3 Bb6 12. Bb5 Ne7 13. Nbd4 O-O 14. Nxf5 Nxf5 15. Re1 Bxf2+ 16. Kxf2 Qb6+ 17. Be3 Nxe3 18. Rxe3 Qxb5 19. Kg3 a4 20. Kh2 Rac8 21.
b3 d4 22. Re4 axb3 23. cxb3 d3 24. a4 Qa6 25. Rh4 h6 26. b4 Ne7 27. b5 Qb6 28.
Qxd3 Nf5 29. Rg4 Rfd8 30. Qe2 Rc3 31. Rd1 Rxd1 32. Qxd1 Ne3 33. Qd2 Nxg4+ 34. hxg4 Rc4 35. g5 Rxa4 36. gxh6 gxh6 37. Qxh6 Qd8 38. Qh5 Kf8 39. Qh8+ Ke7 40. Qf6+ Ke8 41. Qh8+ Kd7 42. Qg7 Qe7 43.
Ng5 Rf4 0-1

[Event "*** SCC Grand Prix: Titled Tuesday Blitz"]
[Site "Chess.com"]
[Date "2020.09.29"]
[Round "2"]
[White "Zhigalko_Sergei"]
[Black "Schandenfreude"]
[Result "1-0"]
[WhiteElo "2936"]
[BlackElo "2578"]
[TimeControl "180+1"]
[EndTime "10:17:53 PDT"]
[Termination "Zhigalko_Sergei won by checkmate"]

1. e4 e6 2. d4 d5 3. e5 c5 4.
c3 Nc6 5. Nf3 Qb6 6. a3 c4 7. Nbd2 Na5 8. Be2 Bd7 9. O-O Ne7 10. Rb1 Qc7 11. Qe1 Nc8 12. Bd1 Nb6 13. h4 h6 14. h5 Be7 15. Nh2 Ba4 16. f4 Bxd1 17. Qxd1 O-O-O 18. Qg4 Rdg8 19. f5 Qd7 20. fxe6 fxe6 21. Rf7 Nc6 22. Ndf3 Nd8 23. Rxg7 Qe8 24. Bxh6 Rxg7 25. Bxg7 Rxh5 26. Rf1 Na4 27. Rf2 Rf5 28. Qh3 Rh5 29. Qg4 Rf5 30. Nf1 Qf7 31. Bh6 Qh7 32. Bc1 Rh5 33. Ng3 Qb1 34. Rf1 Rh8 35. Bg5 Qh7 36. Bxe7 Qxe7 37. Rf2 Qh7 38. Qf4 Qb1+ 39. Nf1 Nxb2 40. Qf6 Rg8 41. Ng5 Nd3 42. Rf3 Qc1 43.
Nxe6 Ne1 44. Rf2 Nxg2 45. Rxg2 Rxg2+ 46. Kxg2 Qc2+ 47. Kg1 Nxe6 48. Qxe6+ Kc7 49. Qd6+ Kc8 50. Qc5+ Kb8 51. Qxd5 Qxc3 52. Qd8# 1-0

[Event "*** SCC Grand Prix: Titled Tuesday Blitz"]
[Site "Chess.com"]
[Date "2020.09.29"]
[Round "2"]
[White "MashaFromRussia"]
[Black "Roman_Ovetchkin"]
[Result "1-0"]
[WhiteElo "2402"]
[BlackElo "2656"]
[TimeControl "180+1"]
[EndTime "10:17:53 PDT"]
[Termination "MashaFromRussia won by resignation"]

1. d4 Nf6 2. c4 g6 3. Nf3 Bg7 4. g3 O-O 5. Bg2 c5 6. d5 b5 7. cxb5 a6 8. bxa6 d6 9. O-O Nbd7 10. Nc3 Nb6 11. e4 Bxa6 12. Re1 Nfd7 13. Bf1 Nc4 14. Qc2 Qa5 15. Nd2 Nde5 16. Kg2 Rfb8 17. Nb3 Qb4 18. f4 Nd7 19. Bxc4 Bxc4 20. Bd2 Bxb3 21.
axb3 Rxa1 22. Rxa1 Qxb3 23. Qxb3 Rxb3 24. Ra8+ Nf8 25. Ra2 h5 26. Kf1 Bd4 27. Ke2 Nd7 28.
Kd1 c4 29. Kc2 Nc5 30. Ra8+ Kg7 31. Rc8 f6 32. Rc7 Kf7 33. e5 fxe5 34. fxe5 Bxe5 35. Be3 Bxc3 36. bxc3 Ra3 37. Bxc5 dxc5 38. Rxc5 Ra2+ 39. Kd1 Rxh2 40. Rxc4 Rg2 41. Rf4+ Kg7 42. Rf3 g5 43. c4 g4 44. Re3 Kf6 45. c5 Ra2 46. c6 Ra7 47. Re6+ Kf7 48. Ke2 Ra5 49. Re5 Kg6 50.
Ke3 Rc5 51. Kd4 Rc1 52. Rxe7 h4 53. gxh4 g3 54. Re3 1-0

[Event "*** SCC Grand Prix: Titled Tuesday Blitz"]
[Site "Chess.com"]
[Date "2020.09.29"]
[Round "2"]
[White "mfwagnerpeixoto"]
[Black "ORS1984"]
[Result "0-1"]
[WhiteElo "2222"]
[BlackElo "2530"]
[TimeControl "180+1"]
[EndTime "10:17:55 PDT"]
[Termination "ORS1984 won on time"]

1. e4 c5 2. Nf3 d6 3. Bb5+ Bd7 4. Bxd7+ Nxd7 5. c4 Ngf6 6. Nc3 e6 7. O-O Be7 8. d4 cxd4 9. Nxd4 a6 10. b3 O-O 11. Bb2 Rc8 12. Qe2 Re8 13. Kh1 Qa5 14. a4 Qh5 15. Qxh5 Nxh5 16. f4 Nhf6 17. Rad1 Bf8 18.
Rfe1 g6 19. Nde2 Nc5 20. Ng3 Nxb3 21. e5 dxe5 22. fxe5 Ng4 23. Nce4 Red8 24. Rxd8 Rxd8 25. h3 Nh6 26. Nf6+ Kg7 27. Nge4 Nc5 28. Nxc5 Bxc5 29. Bc3 Nf5 30. Rb1 b6 31. a5 bxa5 32. Bxa5 Rc8 33.
Rb7 Bd4 34. Rc7 Rxc7 35. Bxc7 Ng3+ 36. Kh2 Nf5 37. Ne8+ Kf8 38. Nf6 Ke7 39. Nxh7 Ne3 40. Bd6+ Kd7 41. Nf6+ Kc6 42. Ne4 Nxc4 43. Bb4 Bxe5+ 44.
g3 a5 45. Be1 a4 46. Nd2 Nxd2 47. Bxd2 a3 0-1

[Event "*** SCC Grand Prix: Titled Tuesday Blitz"]
[Site "Chess.com"]
[Date "2020.09.29"]
[Round "2"]
[White "FedaMaster"]
[Black "queen_iryna"]
[Result "0-1"]
[WhiteElo "2437"]
[BlackElo "2304"]
[TimeControl "180+1"]
[EndTime "10:17:55 PDT"]
[Termination "queen_iryna won by checkmate"]

1. e4 d6 2. d4 Nf6 3. Nc3 e5 4. Nf3 Nbd7 5. Bc4 Be7 6. a4 O-O 7. O-O c6 8. a5 h6 9. Re1 Re8 10. h3 Bf8 11. d5 b5 12. axb6 Nxb6 13. Bb3 cxd5 14. Nxd5 Nfxd5 15. Bxd5 Nxd5 16. Qxd5 Be6 17. Qd3 Qf6 18. c4 Qg6 19. Kh2 Be7 20. Be3 f5 21.
exf5 Bxf5 22. Qd5+ Kh8 23. Nd2 Rab8 24. b3 Rxb3 25.
g4 Be6 26. Qf3 Rbb8 27. Rxa7 Rf8 28. Qe4 Qe8 29. Rea1 Bg5 30. Bxg5 hxg5 31. Kg1 Rf4 32. Qe3 Qc6 33. f3 Bxc4 34. Rc1 Qd5 35. Kh2 Rbf8 36. Ne4 Rxf3 37. Qxg5 Rf2+ 38. Kg1 Rf1+ 39. Rxf1 Rxf1+ 40. Kg2 Qxe4+ 41. Kg3 Qf4+ 42. Kh4 Qxg5+ 43. Kxg5 Rf6 44. h4 e4 45. Kh5 e3 46. g5 Re6 47. Ra8+ Kh7 48.
g6+ Rxg6 49. Re8 Re6 50. Rf8 Re5+ 51. Kg4 e2 52. h5 e1=Q 53. h6 Qe2+ 54. Kf4 Qe4+ 55.
Kg3 Rg5+ 56. Kf2 Rg2# 0-1